 Dungeon Crawl Stone Soup version 0.21-a0-460-g737a915 (webtiles) character file.

37 tof the Sneak (level 3, -1/24 HPs)
             Began as an Octopode Assassin on Nov 20, 2017.
             Slain by Robin
             ... wielding a +0 dagger of flaming
              (2 damage)
             ... on level 2 of the Dungeon.
             The game lasted 00:00:51 (958 turns).

tof the Sneak (Octopode Assassin)                    Turns: 958, Time: 00:00:52

Health: -1/24      AC:  1    Str: 10    XL:     3   Next: 41%
Magic:  3/3        EV: 13    Int: 13    God:
Gold:   58         SH:  0    Dex: 14    Spells: 2/2 levels left

rFire    . . .     SeeInvis .   a - +2 dagger
rCold    . . .     Gourm    .   (no shield)
rNeg     . . .     Faith    .   (helmet restricted)
rPois    .         Spirit   .   (no amulet)
rElec    .         Reflect  .   (no ring)
rCorr    .         Harm     .   (no ring)
MR       .....                  (no ring)
Stlth    ++++......             (no ring)
HPRegen  0.08/turn              (no ring)
MPRegen  0.08/turn              (no ring)
                                (no ring)
                                (no ring)

@: no status effects
A: almost no armour, stealthy swim, amphibious, 8 rings, constrict 8, camouflage
1, gelatinous body 1
a: no special abilities


You were on level 2 of the Dungeon.
You were not hungry.

You visited 1 branch of the dungeon, and saw 2 of its levels.

You collected 58 gold pieces.

Inventory:

Hand Weapons
 a - a +2 dagger (weapon)
 b - a +0 blowgun
Missiles
 c - 8 poisoned needles
 d - 2 curare-tipped needles
 h - 5 javelins (quivered)
Potions
 e - 2 potions of degeneration {unknown}
 g - a potion of curing {unknown}
Comestibles
 f - a bread ration
 i - 4 chunks of flesh


   Skills:
 + Level 2.3 Fighting
 * Level 2.7 Short Blades
 + Level 2.3 Throwing
 + Level 1.5 Dodging
 + Level 5.6 Stealth


You had 2 spell levels left.
You didn't know any spells.

Dungeon Overview and Level Annotations

Branches:
Dungeon (2/15)

Altars:

Annotations:
D:2 Robin


Innate Abilities, Weirdness & Mutations

You cannot wear most types of armour.
You are very stealthy in the water. (Stealth+)
You are amphibious.
You can wear up to eight rings at the same time.
You can use your tentacles to constrict eight enemies at once.
Your skin changes colour to match your surroundings (Stealth+).
Your rubbery body absorbs attacks. (AC +1, EV +1)


Message History

Robin hits you with a dagger of flaming.
Robin burns you.
You barely miss Robin. You squeeze Robin, but do no damage.
Robin is heavily wounded.
You constrict Robin, but do no damage.
Robin hits you with a dagger of flaming.
Robin burns you.
* * * LOW HITPOINT WARNING * * *
The goblin closely misses you.
You hit Robin.
Robin is heavily wounded.
You constrict Robin. Robin throws the goblin at you!
The goblin completely misses you.
You hit Robin but do no damage.
Robin is severely wounded.
You constrict Robin.
Robin hits you with a dagger of flaming.
* * * LOW HITPOINT WARNING * * *
Robin burns you.
You die...

#.....#...#
#.##.g.......#
#.......†#..##
####.##..#
<.......#
..#.###.# .....
#...# #
###########.#.#
.......@g.)...#
......g...#.###
#######.###.#
#<###.# #...#..
#.#.####
#.#....#
#.####.##
#...(...#


You could see Robin and a goblin.

Vanquished Creatures
  An adder (D:2)
  A leopard gecko (D:1)
  5 bats (D:1)
  A giant cockroach (D:2)
  7 goblins
  A hobgoblin (D:1)
  A ball python (D:1)
  A frilled lizard (D:1)
  6 kobolds (D:1)
  3 rats (D:1)
27 creatures vanquished.

Notes
Turn   | Place    | Note
-------+----------+-------------------------------------------
     0 | D:1      | tof the Octopode Assassin began the quest for the Orb.
     0 | D:1      | Reached XP level 1. HP: 14/14 MP: 1/1
   215 | D:1      | Reached XP level 2. HP: 19/19 MP: 2/2
   643 | D:1      | Reached XP level 3. HP: 24/24 MP: 3/3
   949 | D:2      | Noticed Robin
   958 | D:2      | HP: 1/24 [Robin/dagger of flaming (5)]
   958 | D:2      | Slain by Robin

Vault maps used:
D:1:      dpeg_arrival_subterranean_lakeside_camping
D:2:      minmay_misc_feat_chi, minmay_rat_hole, uniq_robin

Action                   || total
-------------------------++-------
Melee: Dagger            ||    42
       Constrict         ||     8
       Tentacles         ||     7
 Stab: Sleeping          ||    17
Armor: Skin              ||     1
Dodge: Dodged            ||    12

Table legend:
 A = Spawn XP
 B = Non-spawn XP
 C = Spawn XP percentage of total XP
 D = Spawn monster count
 E = Non-spawn monster count
 F = Spawn count percentage of total count
 G = Total turns spent on level
                    A         B        C        D         E        F      G
               +---------+---------+-------+---------+---------+-------+---------
         Total |       0 |      54 |   0.0 |       0 |      27 |   0.0 |   958
               +---------+---------+-------+---------+---------+-------+---------
           D:1 |       0 |      34 |   0.0 |       0 |      23 |   0.0 |   877
           D:2 |       0 |      20 |   0.0 |       0 |       4 |   0.0 |    81
               +---------+---------+-------+---------+---------+-------+---------
